 Dungeon Crawl Stone Soup version 0.27-a0-1321-gd358eaa319 (webtiles) character file.

Game seed: 539503944057146741

240 BlueGoblin the Covert (level 6, 0/61 HPs)
             Began as an Octopode Brigand on June 22, 2021.
             Was an Initiate of Dithmenos.
             Slain by a gnoll (7 damage)
             ... on level 4 of the Dungeon.
             The game lasted 00:08:04 (3179 turns).

BlueGoblin the Covert (Octopode Brigand)            Turns: 3179, Time: 00:08:05

Health: 0/61       AC: 23    Str: 10    XL:     6   Next: 8%
Magic:  6/6        EV:  2    Int: 14    God:    Dithmenos [......]
Gold:   48         SH:  3    Dex: 15    Spells: 5/5 levels left

rFire    . . .     SeeInvis .   a - +3 dagger
rCold    . . .     Faith    .   h - +0 buckler
rNeg     + + +     Spirit   .   (helmet currently unavailable)
rPois    +         Reflect  .   e - amulet of regeneration
rElec    .         Harm     .   (no ring)
rCorr    .         Rampage  .   (no ring)
Will     .....     NoTele   +   (no ring)
Stlth    ++++......             (no ring)
HPRegen  1.20/turn              (no ring)
MPRegen  0.10/turn              (no ring)
                                (no ring)
                                (no ring)

@: tree-form
A: stationary, stasis, torment immunity, boosted hp, almost no armour,
(amphibious), 8 rings, (camouflage 1), (gelatinous body 1), (nimble swimmer 1),
(tentacles)
a: Renounce Religion


You were on level 4 of the Dungeon.
You worshipped Dithmenos.
Dithmenos was noncommittal.
You were a tree.
You visited 2 branches of the dungeon, and saw 5 of its levels.

You collected 48 gold pieces.

Inventory:

Hand Weapons
 a - a +3 dagger (weapon)
Missiles
 b - 8 poisoned darts (quivered)
 c - 2 curare-tipped darts
Armour
 h - a +0 buckler (worn)
Jewellery
 e - an amulet of regeneration (around neck)
Potions
 f - a potion of might {unknown}
 g - a potion of lignification


   Skills:
 + Level 2.7 Fighting
 + Level 3.6 Short Blades
 + Level 2.1 Throwing
 + Level 1.6 Dodging
 + Level 8.0 Stealth
 + Level 0.1 Shields


You had 5 spell levels left.
You didn't know any spells.
Your spell library contained the following spells:

 Spells                   Type           Power      Damage    Failure   Level
 Beastly Appendage        Tmut           0%         N/A       43%         1
 Magic Dart               Conj           0%         1d3       43%         1
 Searing Ray              Conj           0%         3d3       56%         2
 Wereblood                Tmut           0%         N/A       56%         2
 Dazzling Flash           Conj/Hex       0%         N/A       80%         3
 Spider Form              Tmut/Pois      0%         N/A       80%         3
 Fulminant Prism          Conj/Hex       0%         3d6       99%         4
 Ice Form                 Ice/Tmut       0%         N/A       99%         4
 Iskenderun's Mystic Bla  Conj/Tloc      0%         2d3       99%         4


Dungeon Overview and Level Annotations

Branches:
Dungeon (4/15)             Temple (1/1) D:4

Altars:
Dithmenos
Elyvilon
Fedhas
Gozag
Hepliaklqana
Okawaru
Qazlal
Sif Muna
Uskayaw
Wu Jian
Xom
Zin


Innate Abilities, Weirdness & Mutations

You are a tree.
Your roots penetrate the ground, keeping you stationary.
You cannot be teleported.
You are immune to unholy pain and torment.
Your maximum health is greatly increased.
Your equipment is partially melded.
You cannot wear most types of armour.
((You are amphibious.))
You can wear up to eight rings at the same time.
((Your skin changes colour to match your surroundings (Stealth+).))
((Your rubbery body absorbs attacks. (AC +1, EV +1)))
((You are camouflaged near water. (Stealth+)))
((You have tentacles for arms and can constrict up to eight enemies at once.))


Message History

You hit the gnoll.
The gnoll is lightly wounded.
The gnoll hits you with a +0 spear.
The gnoll hits you from afar with a +0 halberd.
The gnoll hits you with a +0 club.
The gnoll hits you but does no damage. x2
You barely miss the gnoll.
The gnoll hits you but does no damage. x2
The gnoll hits you with a +0 club. The gnoll hits you but does no damage.
The gnoll hits you with a +0 flail.
You hit the gnoll.
The gnoll is lightly wounded.
The gnoll hits you but does no damage. You block the gnoll's attack.
The gnoll hits you but does no damage. x2
You hit the gnoll.
The gnoll is heavily wounded.
The gnoll hits you with a +0 flail!
* * * LOW HITPOINT WARNING * * *
You hit the gnoll.
The gnoll is almost dead.
The gnoll hits you but does no damage. You block the gnoll's attack.
The gnoll hits you but does no damage. You block the gnoll's attack.
The gnoll hits you with a +0 flail.
* * * LOW HITPOINT WARNING * * *
The gnoll hits you but does no damage.
You hit the gnoll but do no damage.
The gnoll is almost dead.
You block the gnoll's attack.
The gnoll hits you but does no damage. x3
The gnoll hits you with a +0 flail!
* * * LOW HITPOINT WARNING * * *
The gnoll hits you but does no damage.
You closely miss the gnoll.
The gnoll is almost dead.
The gnoll completely misses you. The gnoll hits you but does no damage.
The gnoll hits you from afar with a +0 halberd.
* * * LOW HITPOINT WARNING * * *
The gnoll hits you but does no damage. The gnoll hits you with a +0 flail!
* * * LOW HITPOINT WARNING * * *
The gnoll hits you but does no damage.
You feel better. You block the gnoll's attack.
The gnoll hits you from afar with a +0 halberd!
You die...

## .. ##. .. ##
#.. .# ..## #..
.# ...#. ##..#.
#.....
#....###.....
## #.g.#...#
##....#g.g..#
#..#####g♣g##
##....#..g..#
####
#..#...#...#
#...
#....###....#
###..# #...#.#
#..## #.'._#
#.#...#
.########.#..#
#.##†.# #
#......#... #.#
#...#
###...#######
#.#
#.####....##..#


You could see 6 gnolls.

Vanquished Creatures
  A scorpion (D:4)
  A hound (D:4)
  2 gnolls
  5 adders
  3 worms (D:2)
  2 dart slugs
  An orc (D:3)
  9 endoplasms
  3 giant cockroaches
  5 goblins
  11 hobgoblins
  7 jackals
  A quokka (D:1)
  3 ball pythons
  8 bats
  4 frilled lizards
  4 kobolds
  4 rats
74 creatures vanquished.

Notes
Turn   | Place    | Note
-------+----------+-------------------------------------------
     0 | D:1      | BlueGoblin the Octopode Brigand began the quest for the
                  | Orb.
     0 | D:1      | Reached XP level 1. HP: 14/14 MP: 1/1
    55 | D:1      | Reached XP level 2. HP: 12/19 MP: 2/2
   508 | D:1      | Reached skill level 6 in Stealth
   663 | D:1      | Reached XP level 3. HP: 24/24 MP: 3/3
   702 | D:1      | Found a faded altar of an unknown god.
  1662 | D:2      | Reached XP level 4. HP: 29/29 MP: 4/4
  2079 | D:3      | Reached skill level 7 in Stealth
  2246 | D:3      | Reached XP level 5. HP: 35/35 MP: 5/5
  2551 | D:4      | HP: 1/35 [kobold/bolt (5)]
  2798 | D:4      | Reached skill level 8 in Stealth
  2798 | D:4      | Reached XP level 6. HP: 25/41 MP: 6/6
  2830 | D:4      | Found a glowing silver altar of Zin.
  2875 | D:4      | Found a staircase to the Ecumenical Temple.
  2894 | Temple   | Entered the Ecumenical Temple
  3157 | Temple   | Became a worshipper of Dithmenos the Shadowed
  3178 | D:4      | HP: 1/61 [gnoll (7)]
  3179 | D:4      | Slain by a gnoll

Illustrated notes

Levels and vault maps discovered:
D:1:      evilmike_arrival_crescent, layout_loops_corners,
          chequers_ecumenical_altar_simple_redux, minmay_tromino_mix6
D:2:      layout_basic
D:3:      layout_rooms, grunt_decor_mini_mirrors
D:4:      layout_rooms, zin_treasury, minmay_temple_entry_arrows,
          minmay_misc_feat_ornament, minmay_misc_feat_encased
Temple:   minmay_temple_curvy_loop

Skill      XL: |  1  2  3  4  5 |
---------------+----------------+-----
Stealth        | 6 7 8 |  8.0
Short Blades   | 3 |  3.6
Fighting       | |  2.7
Throwing       | |  2.1
Dodging        | |  1.6
Shields        | |  0.1

Action                   |  1- 3 |  4- 6 || total
-------------------------+-------+-------++-------
Melee: Dagger            |    67 |    92 ||   159
       Constrict         |    11 |    14 ||    25
       Tentacles         |     7 |    11 ||    18
Throw: Dart              |       |     4 ||     4
  Use: Scroll            |     4 |       ||     4
       Potion            |       |     6 ||     6
 Stab: Sleeping          |    20 |    12 ||    32
Armor: Skin              |     3 |    72 ||    75
Dodge: Dodged            |    18 |    44 ||    62
Block: Buckler           |       |    15 ||    15

Table legend: (Time is in decaauts)
 A = Elapsed time spent in this place.
 B = Non-inter-level travel time spent in this place.
 C = Inter-level travel time spent in this place.
 D = Time resting spent in this place.
 E = Time spent auto-exploring this place.
 F = Levels seen in this place.
 G = Mean time per level.
                   A        B        C        D        E       F      G
               +--------+--------+--------+--------+--------+-----+--------+
         Total |   3160 |   2925 |    235 |    620 |   1705 |   5 |  632.0 |
       Dungeon |   2885 |   2676 |    209 |    593 |   1508 |   4 |  721.2 |
        Temple |    275 |    249 |     26 |     27 |    197 |   1 |  275.0 |
               +--------+--------+--------+--------+--------+-----+--------+

Top non-repeatable levels by time:
     D:1: 1492 daAuts
     D:3: 612 daAuts
     D:2: 535 daAuts
  Temple: 275 daAuts
     D:4: 245 daAuts
